IL
BUFFALO BISONS @ TOLEDO MUD HENS
08/06/2048
 
TOP OF THE 1ST
Buffalo Bisons batting - Pitching for Toledo Mud Hens : RHP Wayne McAllister
Pitching: RHP Wayne McAllister
Batting: RHB Michel Martineau 0-0: Ball
1-0: Ground out 1-3 (Groundball, 34S, EV 61.2 MPH)
Batting: RHB Frank Caulfield 0-0: Foul Ball, location: 2F
0-1: Ball
1-1: Ball
2-1: Ground out 4-3 (Groundball, 4, EV 83.8 MPH)
Batting: SHB Dominik Hasek II 0-0: Ball
1-0: Called Strike
1-1: Swinging Strike
1-2: Ball
2-2: Strikes out swinging
Top of the 1st over - 0 runs, 0 hits, 0 errors, 0 left on base; Buffalo 0 - Toledo 0
BOTTOM OF THE 1ST
Toledo Mud Hens batting - Pitching for Buffalo Bisons : RHP Gabe Nalley
Pitching: RHP Gabe Nalley
Batting: RHB Brandon O'Malley 0-0: Ball
1-0: Foul Ball, location: 2F
1-1: Ball
2-1: Ball
3-1: Fly out, F5 (Popup, 5SF, EV 82.5 MPH)
Batting: RHB J.J. Basil 0-0: Foul Ball, location: 2F
0-1: Ground out 4-3 (Groundball, 34, EV 83.1 MPH)
Batting: LHB Bill Ford 0-0: Called Strike
0-1: Foul Ball, location: 2F
0-2: Ball
1-2: Ball
2-2: Strikes out swinging, 2-3 out at first.
Bottom of the 1st over - 0 runs, 0 hits, 0 errors, 0 left on base; Buffalo 0 - Toledo 0
TOP OF THE 2ND
Buffalo Bisons batting - Pitching for Toledo Mud Hens : RHP Wayne McAllister
Batting: RHB Alex Ramos 0-0: Called Strike
0-1: Ball
1-1: Foul Ball, location: 2F
1-2: Strikes out swinging
Batting: RHB Kyle Scruggs 0-0: Called Strike
0-1: Ball
1-1: Ball
2-1: Ball
3-1: SOLO HOME RUN (Flyball, 7LD, EV 92.5 MPH), Distance : 326 ft
Batting: RHB Leo Mair 0-0: Ball
1-0: Foul Ball, location: 2F
1-1: Swinging Strike
1-2: Ball
2-2: Foul Ball, location: 2F
2-2: Ground out 6-3 (Groundball, 6, EV 80.0 MPH)
Batting: RHB Väinö Tapaninen 0-0: SINGLE (Flyball, 7LS, EV 97.5 MPH)
Batting: RHB John Loving 0-0: Ball
Väinö Tapaninen steals 2nd base
1-0: Called Strike
1-1: Ball
2-1: Ball
3-1: Foul Ball, location: 2F
3-2: Strikes out swinging
Top of the 2nd over - 1 run, 2 hits, 0 errors, 1 left on base; Buffalo 1 - Toledo 0
BOTTOM OF THE 2ND
Toledo Mud Hens batting - Pitching for Buffalo Bisons : RHP Gabe Nalley
Batting: LHB Jon Frederick 0-0: Ball
1-0: Ball
2-0: Called Strike
2-1: Ball
3-1: Swinging Strike
3-2: Strikes out swinging
Batting: RHB Dan Becvar 0-0: Ball
1-0: Ball
2-0: Ball
3-0: Called Strike
3-1: Foul Ball, location: 2F
3-2: Ground out U3 (Groundball, 13, EV 80.0 MPH)
Batting: RHB Jamie Villagrana 0-0: Foul Ball, location: 2F
0-1: Called Strike
0-2: Foul Ball, location: 2F
0-2: Ball
1-2: Foul Ball, location: 2F
1-2: Foul Ball, location: 2F
1-2: Strikes out looking
Bottom of the 2nd over - 0 runs, 0 hits, 0 errors, 0 left on base; Buffalo 1 - Toledo 0
TOP OF THE 3RD
Buffalo Bisons batting - Pitching for Toledo Mud Hens : RHP Wayne McAllister
Batting: RHB Bryan Peterson 0-0: Ground out 5-3 (Groundball, 56S, EV 73.1 MPH)
Batting: RHB Michel Martineau 0-0: Ball
1-0: Ball
2-0: Ball
3-0: Base on Balls
Batting: RHB Frank Caulfield 0-0: SINGLE (Line Drive, 6D, EV 97.5 MPH)
Michel Martineau to second
Batting: SHB Dominik Hasek II 0-0: Ball
1-0: TRIPLE (Flyball, 8LXD, EV 105.0 MPH)
Michel Martineau scores
Frank Caulfield scores
Batting: RHB Alex Ramos 0-0: Swinging Strike
0-1: Ball
1-1: Called Strike
1-2: Strikes out swinging
Batting: RHB Kyle Scruggs 0-0: Ball
1-0: Ball
2-0: Ground out 6-3 (Groundball, 56, EV 81.2 MPH)
Top of the 3rd over - 2 runs, 2 hits, 0 errors, 1 left on base; Buffalo 3 - Toledo 0
BOTTOM OF THE 3RD
Toledo Mud Hens batting - Pitching for Buffalo Bisons : RHP Gabe Nalley
Batting: RHB Joel Miller 0-0: Ball
1-0: Ball
2-0: SINGLE (Groundball, 25, EV 68.8 MPH) (infield hit)
Batting: SHB Chris Wagler 0-0: Fly out, F7 (Flyball, 7LM, EV 78.8 MPH)
Batting: RHB Keith Hoffman 0-0: Foul Ball, location: 2F
0-1: 2-RUN HOME RUN (Flyball, 89XD, EV 100.0 MPH), Distance : 401 ft
Batting: RHB Brandon O'Malley 0-0: Swinging Strike
0-1: Ball
1-1: Ball
2-1: Foul Ball, location: 2F
2-2: Ball
3-2: Foul Ball, location: 2F
3-2: Foul Ball, location: 2F
3-2: Strikes out swinging
Batting: RHB J.J. Basil 0-0: Ball
1-0: Called Strike
1-1: Foul Ball, location: 2F
1-2: Foul Ball, location: 2F
1-2: Ball
2-2: Strikes out swinging, 2-3 out at first.
Bottom of the 3rd over - 2 runs, 2 hits, 0 errors, 0 left on base; Buffalo 3 - Toledo 2
TOP OF THE 4TH
Buffalo Bisons batting - Pitching for Toledo Mud Hens : RHP Wayne McAllister
Batting: RHB Leo Mair 0-0: Foul Ball, location: 2F
0-1: DOUBLE (Groundball, 5L, EV 103.8 MPH)
Batting: RHB Väinö Tapaninen 0-0: Called Strike
0-1: Swinging Strike
0-2: Strikes out swinging
Batting: RHB John Loving 0-0: Ball
1-0: SINGLE (Groundball, 4MS, EV 73.8 MPH) (infield hit)
Leo Mair to third
Batting: RHB Bryan Peterson 0-0: Called Strike
John Loving steals 2nd base
0-1: Reached on error, E5 (Groundball, 56S, EV 81.9 MPH)
Leo Mair scores
John Loving to third
Batting: RHB Michel Martineau 0-0: Called Strike
0-1: Swinging Strike
0-2: Ball
1-2: Ball
2-2: Ball
3-2: Foul Ball, location: 2F
3-2: Base on Balls
Bryan Peterson to second
Batting: RHB Frank Caulfield 0-0: Ball
1-0: Ball
2-0: Ball
3-0: Base on Balls
John Loving scores
Bryan Peterson to third
Michel Martineau to second
Batting: SHB Dominik Hasek II 0-0: Ball
1-0: Ball
2-0: Ball
3-0: Called Strike
3-1: Called Strike
3-2: Base on Balls
Bryan Peterson scores
Michel Martineau to third
Frank Caulfield to second
Batting: RHB Alex Ramos 0-0: Called Strike
0-1: GRAND SLAM HOME RUN (Flyball, 78XD, EV 101.9 MPH), Distance : 397 ft
Pitching: LHP Bobby Jones
Batting: RHB Kyle Scruggs 0-0: Ball
1-0: Swinging Strike
1-1: Ball
2-1: Foul Ball, location: 2F
2-2: Ball
3-2: Strikes out swinging
Batting: RHB Leo Mair 0-0: Swinging Strike
0-1: Ball
1-1: Foul Ball, location: 2F
1-2: SINGLE (Groundball, 6MD, EV 94.4 MPH)
Batting: RHB Väinö Tapaninen 0-0: Called Strike
0-1: Fielders Choice at 2nd, 6-4 (Groundball, 56, EV 101.2 MPH)
Top of the 4th over - 7 runs, 4 hits, 1 error, 1 left on base; Buffalo 10 - Toledo 2
BOTTOM OF THE 4TH
Toledo Mud Hens batting - Pitching for Buffalo Bisons : RHP Gabe Nalley
Batting: LHB Bill Ford 0-0: Foul Ball, location: 2F
0-1: Ball
1-1: Ball
2-1: Ball
3-1: Base on Balls
Batting: LHB Jon Frederick 0-0: Ball
1-0: Ball
Bill Ford steals 2nd, throwing error, E2
Bill Ford to third
2-0: Ball
3-0: Called Strike
3-1: Ground out 6-3 (Groundball, 4M, EV 110.0 MPH)
Bill Ford scores
Batting: RHB Dan Becvar 0-0: Ball
1-0: Fly out, F9 (Flyball, 9S, EV 91.9 MPH)
Batting: RHB Jamie Villagrana 0-0: Foul Ball, location: 2F
0-1: Ball
1-1: Foul Ball, location: 2F
1-2: Ball
2-2: Ball
3-2: Base on Balls
Batting: RHB Joel Miller 0-0: Foul Ball, location: 2F
0-1: Swinging Strike
0-2: Ball
1-2: Ball
2-2: Ball
3-2: Foul Ball, location: 2F
3-2: Base on Balls
Jamie Villagrana to second
Batting: SHB Chris Wagler 0-0: Called Strike
0-1: Ground out 2-3 (Groundball, 15S, EV 55.0 MPH)
Bottom of the 4th over - 1 run, 0 hits, 1 error, 2 left on base; Buffalo 10 - Toledo 3
TOP OF THE 5TH
Buffalo Bisons batting - Pitching for Toledo Mud Hens : LHP Bobby Jones
Batting: RHB John Loving 0-0: Foul Ball, location: 2F
0-1: Called Strike
0-2: Foul Ball, location: 2F
0-2: Foul Ball, location: 2F
0-2: Ball
1-2: Ball
2-2: Strikes out swinging
Batting: RHB Bryan Peterson 0-0: Ball
1-0: Ball
2-0: Foul Ball, location: 2F
2-1: Ball
3-1: Base on Balls
Batting: RHB Michel Martineau 0-0: Called Strike
0-1: Ball
1-1: Ball
2-1: Foul Ball, location: 2F
2-2: Strikes out swinging
Batting: RHB Frank Caulfield 0-0: Called Strike
0-1: Fielders Choice at 2nd, 5-4 (Groundball, 5, EV 83.1 MPH)
Top of the 5th over - 0 runs, 0 hits, 0 errors, 1 left on base; Buffalo 10 - Toledo 3
BOTTOM OF THE 5TH
Toledo Mud Hens batting - Pitching for Buffalo Bisons : RHP Gabe Nalley
Batting: RHB Keith Hoffman 0-0: Called Strike
0-1: Ball
1-1: Ball
2-1: Foul Ball, location: 2F
2-2: Ball
3-2: SINGLE (Groundball, 6MD, EV 104.4 MPH)
Batting: RHB Brandon O'Malley 0-0: Ball
1-0: Swinging Strike
1-1: Ball
2-1: Called Strike
2-2: Strikes out swinging
Batting: RHB J.J. Basil 0-0: 2-RUN HOME RUN (Flyball, 78XD, EV 100.0 MPH), Distance : 403 ft
Pitching: RHP Chris Kroesen
Batting: LHB Bill Ford 0-0: Fly out, F8 (Line Drive, 8LM, EV 93.1 MPH)
Batting: LHB Jon Frederick 0-0: Ball
1-0: Fly out, F8 (Flyball, 78M, EV 99.4 MPH)
Bottom of the 5th over - 2 runs, 2 hits, 0 errors, 0 left on base; Buffalo 10 - Toledo 5
TOP OF THE 6TH
Buffalo Bisons batting - Pitching for Toledo Mud Hens : LHP Bobby Jones
Batting: SHB Dominik Hasek II 0-0: Called Strike
0-1: Ground out 4-3 (Groundball, 4M, EV 94.4 MPH)
Batting: RHB Alex Ramos 0-0: SINGLE (Groundball, 6D, EV 107.5 MPH)
Batting: RHB Kyle Scruggs 0-0: Fly out, F8 (Flyball, 8LD, EV 102.5 MPH)
Batting: RHB Leo Mair 0-0: Called Strike
Alex Ramos steals 2nd base
0-1: Called Strike
0-2: Ball
1-2: Ball
Wild Pitch!
Alex Ramos to third
2-2: SINGLE (Line Drive, 8RS, EV 106.2 MPH)
Alex Ramos scores
Batting: RHB Väinö Tapaninen 0-0: Ball
1-0: Called Strike
1-1: Ball
Leo Mair steals 2nd base
2-1: Ball
3-1: Base on Balls
Batting: RHB John Loving 0-0: Ball
1-0: Ball
2-0: Ball
3-0: Called Strike
3-1: Swinging Strike
3-2: Foul Ball, location: 2F
3-2: Strikes out swinging
Top of the 6th over - 1 run, 2 hits, 0 errors, 2 left on base; Buffalo 11 - Toledo 5
BOTTOM OF THE 6TH
Toledo Mud Hens batting - Pitching for Buffalo Bisons : RHP Chris Kroesen
Batting: RHB Dan Becvar 0-0: Ball
1-0: Ball
2-0: Foul Ball, location: 2F
2-1: Ball
3-1: Called Strike
3-2: Fly out, F8 (Flyball, 8RD, EV 107.5 MPH)
Batting: RHB Jamie Villagrana 0-0: Swinging Strike
0-1: Foul Ball, location: 2F
0-2: Ball
1-2: Strikes out swinging
Batting: RHB Joel Miller 0-0: Ball
1-0: Ball
2-0: Called Strike
2-1: Foul Ball, location: 2F
2-2: Ball
3-2: Fly out, F8 (Flyball, 8LM, EV 91.9 MPH)
Bottom of the 6th over - 0 runs, 0 hits, 0 errors, 0 left on base; Buffalo 11 - Toledo 5
TOP OF THE 7TH
Buffalo Bisons batting - Pitching for Toledo Mud Hens : LHP Bobby Jones
Pitching: RHP Jason Mucci
Batting: RHB Bryan Peterson 0-0: Foul Ball, location: 2F
0-1: Ball
1-1: Ball
2-1: Foul Ball, location: 2F
2-2: Ball
3-2: Strikes out swinging
Batting: RHB Michel Martineau 0-0: Foul Ball, location: 2F
0-1: Ball
1-1: Swinging Strike
1-2: Ball
2-2: Ball
3-2: SINGLE (Line Drive, 89S, EV 95.6 MPH)
Batting: RHB Frank Caulfield 0-0: Called Strike
Pickoff Throw to First - Out! 1-3 CS
0-1: Ball
1-1: Swinging Strike
1-2: Foul Ball, location: 2F
1-2: Strikes out swinging
Top of the 7th over - 0 runs, 1 hit, 0 errors, 0 left on base; Buffalo 11 - Toledo 5
BOTTOM OF THE 7TH
Toledo Mud Hens batting - Pitching for Buffalo Bisons : RHP Chris Kroesen
Batting: SHB Chris Wagler 0-0: Foul Ball, location: 2F
0-1: Ball
1-1: Ball
2-1: Swinging Strike
2-2: Ball
3-2: Strikes out swinging
Batting: RHB Keith Hoffman 0-0: Ball
1-0: Ball
2-0: Fly out, F8 (Flyball, 8LXD, EV 90.0 MPH)
Batting: RHB Brandon O'Malley 0-0: Ball
1-0: Foul Ball, location: 2F
1-1: Swinging Strike
1-2: Ball
2-2: Strikes out swinging
Bottom of the 7th over - 0 runs, 0 hits, 0 errors, 0 left on base; Buffalo 11 - Toledo 5
TOP OF THE 8TH
Buffalo Bisons batting - Pitching for Toledo Mud Hens : RHP Jason Mucci
Batting: SHB Dominik Hasek II 0-0: Ball
1-0: Ball
2-0: Called Strike
2-1: Ball
3-1: Base on Balls
Batting: RHB Alex Ramos 0-0: Called Strike
Dominik Hasek II steals 2nd base
0-1: Ball
1-1: Ball
2-1: Ground out 5-3 (Groundball, 5S, EV 65.0 MPH)
Dominik Hasek II to third
Batting: RHB Kyle Scruggs 0-0: Called Strike
0-1: Called Strike
0-2: Strikes out swinging
Batting: RHB Leo Mair 0-0: Foul Ball, location: 2F
0-1: Ball
1-1: Ball
2-1: Ball
3-1: Foul Ball, location: 2F
3-2: Base on Balls
Batting: RHB Väinö Tapaninen 0-0: Foul Ball, location: 2F
0-1: Fielders Choice at 2nd, 6-4 (Groundball, 6, EV 89.4 MPH)
Top of the 8th over - 0 runs, 0 hits, 0 errors, 2 left on base; Buffalo 11 - Toledo 5
BOTTOM OF THE 8TH
Toledo Mud Hens batting - Pitching for Buffalo Bisons : RHP Chris Kroesen
Batting: RHB J.J. Basil 0-0: Ball
1-0: TRIPLE (Line Drive, 78XD, EV 106.9 MPH)
Batting: LHB Bill Ford 0-0: Ball
1-0: Called Strike
1-1: Called Strike
1-2: Foul Ball, location: 2F
1-2: Ball
2-2: Foul Ball, location: 2F
2-2: Ball
3-2: Strikes out swinging
Pitching: RHP Mel Schultz
Batting: LHB Jon Frederick 0-0: Swinging Strike
0-1: Ball
1-1: Fly out, F5 (Popup, 56, EV 68.1 MPH)
Batting: RHB Dan Becvar 0-0: Ball
1-0: Ball
2-0: Ball
3-0: Base on Balls
Batting: RHB Jamie Villagrana 0-0: Ball
1-0: Called Strike
1-1: Called Strike
1-2: Foul Ball, location: 2F
1-2: Fly out, F9 (Flyball, 9D, EV 92.5 MPH)
Bottom of the 8th over - 0 runs, 1 hit, 0 errors, 2 left on base; Buffalo 11 - Toledo 5
TOP OF THE 9TH
Buffalo Bisons batting - Pitching for Toledo Mud Hens : RHP Jason Mucci
Pinch Hitting: LHB Gabe Pace 0-0: Called Strike
0-1: Ball
1-1: Foul Ball, location: 2F
1-2: Strikes out looking
Batting: RHB Bryan Peterson 0-0: Ball
1-0: Ball
2-0: Ball
3-0: Called Strike
3-1: SINGLE (Groundball, 6MD, EV 99.4 MPH)
Pitching: RHP Luis Brown
Batting: RHB Michel Martineau 0-0: Ball
Bryan Peterson steals 2nd base
1-0: Foul Ball, location: 2F
1-1: Called Strike
1-2: Ball
2-2: Ball
3-2: SINGLE (Groundball, 56D, EV 108.1 MPH)
Bryan Peterson to third
Batting: RHB Frank Caulfield 0-0: Ball
1-0: Foul Ball, location: 2F
1-1: Swinging Strike
1-2: Fielders Choice at 2nd, 3-6 (Groundball, 3, EV 86.9 MPH)
Bryan Peterson scores
Batting: SHB Dominik Hasek II 0-0: Ball
Frank Caulfield steals 2nd base
1-0: Ball
2-0: Called Strike
2-1: Foul Ball, location: 2F
2-2: Ground out 6-3 (Groundball, 56, EV 82.5 MPH)
Top of the 9th over - 1 run, 2 hits, 0 errors, 1 left on base; Buffalo 12 - Toledo 5
BOTTOM OF THE 9TH
Toledo Mud Hens batting - Pitching for Buffalo Bisons : RHP Mel Schultz
Now in LF: Gabe Pace
Batting: RHB Joel Miller 0-0: Foul Ball, location: 2F
0-1: Ball
1-1: Foul Ball, location: 2F
1-2: Ball
2-2: Foul Ball, location: 2F
2-2: Strikes out looking
Batting: SHB Chris Wagler 0-0: Ball
1-0: Ball
2-0: Ball
3-0: Called Strike
3-1: Swinging Strike
3-2: Ground out 5-3 (Groundball, 25, EV 82.5 MPH)
Batting: RHB Keith Hoffman 0-0: Fly out, F7 (Flyball, 78M, EV 92.5 MPH)
Bottom of the 9th over - 0 runs, 0 hits, 0 errors, 0 left on base; Buffalo 12 - Toledo 5
Tuesday, March 28th , 2023 - OOTP Baseball 23.10 Build 110